 Dungeon Crawl Stone Soup version 0.18.1-8-gdd0e5ea (webtiles) character file.

21057 nikopol the Impaler (level 12, -3/110 HPs)
             Began as a Minotaur Berserker on June 4, 2016.
             Was a High Priest of Trog.
             Engulfed by an ice statue's freezing vapour (23 damage)
             ... in an ice cave.
             The game lasted 00:39:53 (13854 turns).

nikopol the Impaler (Minotaur Berserker)           Turns: 13854, Time: 00:39:54

Health: -3/110     AC: 12    Str: 24    XL:     12   Next: 50%
Magic:  11/11      EV: 15    Int:  4    God:    Trog [*****.]
Gold:   817        SH:  0    Dex: 12    Spells: 0 memorised, 11 levels left

rFire  + . .     SeeInvis .     O - +4 glaive
rCold  . . .     Gourm    .     w - +0 scale mail
rNeg   . . .     Faith    .     (shield currently unavailable)
rPois  .         Spirit   .     (helmet restricted)
rElec  .         Dismiss  .     (no cloak)
rCorr  .         Reflect  .     A - +0 pair of gloves
SustAt .         Harm     .     I - +0 pair of boots
MR     +....                    (no amulet)
Stlth  ..........               y - ring of protection from magic
                                R - ring "Joetiav" {rF+ Str+2 Dex-3 Slay+3}

@: somewhat resistant to hostile enchantments, extremely unstealthy
A: retaliatory headbutt, horns 2
a: Berserk, Trog's Hand, Brothers in Arms, Burn Spellbooks, Renounce Religion


You were in an ice cave.
You worshipped Trog.
Trog was extremely pleased with you.
You were hungry.

You visited 2 branches of the dungeon, and saw 14 of its levels.
You also visited: Ice Cave.

You collected 817 gold pieces.

Inventory:

Hand Weapons
 O - a +4 glaive (weapon)
 V - a +1 demon trident of draining
Missiles
 g - 173 arrows (quivered)
Armour
 w - a +0 scale mail (worn)
 A - a +0 pair of gloves (worn)
 I - a +0 pair of boots (worn)
Jewellery
 k - an uncursed ring of resist corrosion
 y - a ring of protection from magic (right hand)
 R - the ring "Joetiav" (left hand) {rF+ Str+2 Dex-3 Slay+3}
   (You found it on level 1 of the Lair of Beasts)

   [ring of slaying]

   It affects your strength (+2).
   It affects your dexterity (-3).
   It affects your accuracy and damage with ranged weapons and melee attacks
   (+3).
   It protects you from fire.
Wands
 b - a wand of lightning (7/15)
Scrolls
 d - 4 scrolls of teleportation
 e - a scroll of blinking
 i - 2 scrolls of magic mapping
 j - 2 scrolls of recharging {unknown}
 l - 9 scrolls of remove curse {unknown}
 m - 2 scrolls of enchant weapon {unknown}
 p - a scroll of random uselessness {unknown}
 q - 2 scrolls of immolation {unknown}
 t - 5 scrolls of fog {unknown}
 v - a scroll of enchant armour {unknown}
 B - 3 scrolls of fear {unknown}
 E - 2 scrolls of amnesia {unknown}
 T - 2 scrolls of noise {unknown}
 W - 2 scrolls of vulnerability {unknown}
Potions
 f - a potion of resistance
 h - 8 potions of curing
 o - 2 potions of might
 r - 3 potions of heal wounds
 s - 4 potions of flight
 u - 2 potions of lignification
 z - a potion of degeneration {unknown}
 C - a potion of magic {unknown}
 F - 2 potions of agility
 Q - 4 potions of haste
Comestibles
 a - 6 royal jellies
 c - 8 bread rations
 n - 2 beef jerkies
 D - 27 fruits
 G - 6 meat rations


   Skills:
 + Level 11.6 Fighting
 * Level 15.3 Polearms
 + Level 11.5 Armour
 + Level 10.8 Dodging


You had 11 spell levels left.
You didn't know any spells.

Dungeon Overview and Level Annotations

Branches:
Dungeon (9/15)             Temple (0/1) D:7            Lair (5/8) D:8
  Swamp (0/4) Lair:3       Spider (0/4) Lair:3
    Orc: D:9-12

Altars:
Cheibriados
Fedhas
Zin

Annotations:
IceCv exclusion: 2 ice statues


Innate Abilities, Weirdness & Mutations

You reflexively headbutt those who attack you in melee.
You have a pair of horns on your head.


Message History

The ice statue glitters chillingly in the dim dungeon light.
Attack whom?
Press: ? - help, Dir - move target cursor, f - ice statue
Aim: an ice statue You reach to attack!
You slice the ice statue!!
The ice statue is moderately damaged.
The ice statue gestures at you.
The ice statue gestures.
You closely miss the ice beast.
You are engulfed in freezing vapours.
You hit the ice beast.
The ice beast is moderately wounded.
You are engulfed in freezing vapours.
The ice beast hits you. The ice beast freezes you.
You slice the ice beast!!
You kill the ice beast!
You are engulfed in freezing vapours.
The ice statue gestures at you. The bolt of cold hits you!
* * * LOW HITPOINT WARNING * * *
You are engulfed in freezing vapours.
You die...

#.. ##.......
#........ ####
8........ ##..##
##........
##....######.........
#.......##...........
#..∩∩.......§.§...⌠..
#...........@§§§.....
##....##..##§§Z......
##..########........
#### 8........
##........ ##.......
##..... #####


You could see a draconian simulacrum.

Vanquished Creatures
  The ghost of dcss12345 the Grappler, a novice TrMo of Okawaru (Lair:2)
  A hydra (Lair:1)
  Erica (D:8)
  Erolcha (D:9)
  A swamp dragon (Lair:3)
  An orb spider (Lair:3)
  A griffon (Lair:4)
  Joseph (D:7)
  6 spiny frogs
  A rime drake (Lair:1)
  3 ice devils (IceCv)
  3 komodo dragons
  5 polar bears (Lair:2)
  A queen bee (Lair:4)
  Grinder (D:5)
  3 blink frogs (Lair:4)
  22 yaks
  7 hippogriffs
  2 basilisks
  8 water moccasins
  6 porcupines
  2 orc warriors (D:8)
  3 black bears
  3 sky beasts
  3 ogres
  A necrophage (D:8)
  7 crocodiles
  A big kobold (D:7)
  The ghost of zeroDi the Sneak, an amateur VSAs (D:3)
  7 giant frogs
  A scorpion (D:5)
  31 killer bees
  A howler monkey (D:7)
  5 wights (D:7)
  A centaur zombie (D:5)
  4 crimson imps
  A quasit (D:8)
  3 hounds
  3 jellies
  2 orc priests
  5 orc wizards
  10 iguanas
  7 worker ants
  4 sheep (Lair:3)
  A centaur simulacrum (IceCv)
  A hound zombie (D:7)
  A hound skeleton (D:8)
  2 howler monkey zombies
  A gnoll (D:1)
  11 adders
  40 river rats
  3 shadow imps
  12 white imps (Lair:5)
  3 oozes
  An adder zombie (D:6)
  5 worms
  A dart slug (D:2)
  4 giant geckos
  30 orcs
  3 giant cockroaches
  6 hobgoblins
  20 jackals
  8 kobolds
  5 quokkas
  A ball python (D:2)
  A ball python zombie (D:5)
  24 bats
  6 giant newts
  5 goblins
  17 rats
394 creatures vanquished.

Vanquished Creatures (others)
  4 fungi
  3 plants
7 creatures vanquished.

Grand Total: 401 creatures vanquished

Notes
Turn   | Place    | Note
--------------------------------------------------------------
     0 | D:1      | nikopol the Minotaur Berserker began the quest for the Orb.
     0 | D:1      | Reached XP level 1. HP: 19/19 MP: 0/0
   313 | D:1      | Reached XP level 2. HP: 27/27 MP: 1/1
   433 | D:1      | Reached skill level 4 in Polearms
   833 | D:1      | Reached XP level 3. HP: 32/33 MP: 2/2
   961 | D:1      | Reached ** piety under Trog
  1081 | D:2      | Reached XP level 4. HP: 23/40 MP: 3/3
  2131 | D:3      | Reached XP level 5. HP: 46/47 MP: 4/4
  2441 | D:3      | Found a blossoming altar of Fedhas.
  2457 | D:3      | Reached *** piety under Trog
  2505 | D:3      | Reached skill level 5 in Polearms
  2718 | D:3      | Noticed zeroDi's ghost (amateur VSAs)
  2728 | D:3      | Killed zeroDi's ghost
  2728 | D:3      | Reached skill level 5 in Fighting
  2969 | D:4      | Reached XP level 6. HP: 56/56 MP: 5/5
  3250 | D:4      | Reached skill level 6 in Polearms
  3349 | D:4      | Received a gift from Trog
  3690 | D:5      | Entered Level 5 of the Dungeon
  3765 | D:5      | Reached XP level 7. HP: 61/61 MP: 6/6
  3810 | D:5      | Noticed Grinder
  3820 | D:5      | Killed Grinder
  3820 | D:5      | Reached skill level 7 in Polearms
  3820 | D:5      | Reached skill level 5 in Armour
  4049 | D:5      | Noticed a hippogriff
  4053 | D:5      | Reached **** piety under Trog
  4067 | D:5      | Killed a hippogriff
  4067 | D:5      | Reached skill level 5 in Dodging
  4067 | D:5      | Reached XP level 8. HP: 61/70 MP: 7/7
  4649 | D:6      | Reached skill level 8 in Polearms
  5569 | D:7      | Noticed Joseph
  5573 | D:7      | Reached skill level 9 in Polearms
  5585 | D:7      | Killed Joseph
  5585 | D:7      | Reached XP level 9. HP: 79/79 MP: 8/8
  5813 | D:7      | Found a staircase to the Ecumenical Temple.
  5891 | D:7      | Reached ***** piety under Trog
  5895 | D:7      | Reached skill level 10 in Polearms
  6099 | D:8      | Noticed Erica
  6116 | D:8      | Killed Erica
  6482 | D:8      | Reached skill level 11 in Polearms
  6756 | D:8      | Reached XP level 10. HP: 79/90 MP: 9/9
  7180 | D:8      | Found a staircase to the Lair.
  7316 | D:8      | Found a glowing silver altar of Zin.
  7317 | D:8      | Noticed an angel
  7376 | D:9      | Noticed Erolcha
  7385 | D:9      | Killed Erolcha
  7423 | Lair:1   | Entered Level 1 of the Lair of Beasts
  7461 | Lair:1   | Received a gift from Trog
  7461 | Lair:1   | Reached skill level 12 in Polearms
  7871 | Lair:1   | Noticed a four-headed hydra
  7872 | Lair:1   | Noticed a spiny frog
  7879 | Lair:1   | Killed a four-headed hydra
  7883 | Lair:1   | Killed a spiny frog
  8390 | Lair:1   | Got a flickering copper ring
  8827 | Lair:1   | Noticed a spiny frog
  8838 | Lair:1   | Killed a spiny frog
  8838 | Lair:1   | Reached XP level 11. HP: 58/99 MP: 10/10
  9070 | Lair:2   | Reached skill level 13 in Polearms
  9220 | Lair:2   | Reached skill level 10 in Fighting
  9864 | Lair:2   | Reached skill level 10 in Armour
  9870 | Lair:2   | Noticed dcss12345's ghost (novice TrMo)
  9882 | Lair:2   | Killed dcss12345's ghost
 10611 | Lair:3   | Noticed an orb spider
 10743 | Lair:3   | Found a hole to the Spider Nest.
 10922 | Lair:3   | Killed an orb spider
 11130 | Lair:3   | Received a gift from Trog
 11130 | Lair:3   | Reached skill level 14 in Polearms
 11544 | Lair:3   | Found a staircase to the Swamp.
 11594 | Lair:3   | Noticed a swamp dragon
 11608 | Lair:3   | Killed a swamp dragon
 11836 | Lair:3   | Identified the ring "Joetiav" {rF+ Str+2 Dex-3 Slay+3} (You found it on level 1 of the Lair of Beasts)
 11957 | Lair:3   | Reached skill level 10 in Dodging
 12007 | Lair:3   | Reached XP level 12. HP: 110/110 MP: 11/11
 12734 | Lair:4   | Received a gift from Trog
 13163 | Lair:4   | Reached skill level 15 in Polearms
 13167 | Lair:4   | Found a snail-covered altar of Cheibriados.
 13474 | Lair:5   | Found a frozen archway.
 13557 | IceCv    | Entered an ice cave
 13854 | IceCv    | Engulfed by an ice statue's freezing vapour

Skill      XL: |  1  2  3  4  5  6  7  8  9 10 11 12 |
---------------+-------------------------------------+-----
Polearms       | 4 5 6 7 9 11 12 14 15 | 15.3
Fighting       | 4 5 6 7 8 9 11 | 11.6
Armour         | 3 4 5 7 8 9 10 11 | 11.5
Dodging        | 3 4 5 6 7 8 10 | 10.8

Action                   |  1- 3 |  4- 6 |  7- 9 | 10-12 || total
-------------------------+-------+-------+-------+-------++-------
Melee: Spear             |    88 |   105 |       |       ||   193
       Headbutt          |    10 |    32 |    76 |   101 ||   219
       Trident           |       |   111 |   350 |   106 ||   567
       Glaive            |       |       |       |   406 ||   406
Invok: Berserk           |       |       |     7 |     6 ||    13
  Use: Scroll            |       |       |       |    10 ||    10
       Potion            |       |       |       |     1 ||     1
 Stab: Sleeping          |       |     1 |       |       ||     1
       Distracted        |       |       |     1 |       ||     1
  Eat: Chunk             |       |     9 |    14 |    25 ||    48
       Royal jelly       |       |       |     1 |       ||     1
       Beef jerky        |       |       |       |     3 ||     3
Armor: Animal skin       |    10 |    20 |       |       ||    30
       Scale mail        |       |    28 |    88 |   178 ||   294
Dodge: Dodged            |    44 |    98 |   154 |   378 ||   674
